 Dungeon Crawl Stone Soup version 0.30-a0-374-g95c0257040 (webtiles) character file.

Game seed: 5869620647033911100

583 pokeman the Magician (level 7, 0/38 HPs)
             Began as a Deep Elf Hedge Wizard on Nov 25, 2022.
             Slain by DeathPants's ghost (3 damage)
             ... on level 3 of the Dungeon.
             The game lasted 00:11:07 (5420 turns).

pokeman the Magician (Deep Elf Hedge Wizard)        Turns: 5420, Time: 00:11:08

Health: 0/38       AC:  5    Str:  7    XL:     7   Next: 14%
Magic:  1/19       EV: 13    Int: 21    God:
Gold:   275        SH:  0    Dex: 14    Spells: 12/20 levels left

rFire   . . .      SeeInvis .    u - +3 dagger (drain)
rCold   . . .      Faith    .    (no shield)
rNeg    + . .      Spirit   .    v - +2 robe {rN+}
rPois   .          Reflect  .    f - +0 helmet
rElec   .          Harm     .    (no cloak)
rCorr   .          Rampage  .    (no gloves)
Will    .....                    (no boots)
Stlth   ++........               (no amulet)
HPRegen 0.26/turn                (no ring)
MPRegen 0.16/turn                (no ring)

@: no status effects
A: no striking features
a: no special abilities


You were on level 3 of the Dungeon.
You visited 1 branch of the dungeon, and saw 5 of its levels.
You also visited: Ossuary.

You collected 275 gold pieces.

Inventory:

Hand Weapons
 u - a +3 dagger of draining (weapon)
Missiles
 m - a throwing net
Armour
 f - a +0 helmet (worn)
 v - a +2 robe of positive energy (worn)
Wands
 k - a wand of polymorph (11)
 w - a wand of mindburst (11)
Scrolls
 b - 2 scrolls of magic mapping {unknown}
 e - 4 scrolls of identify {unknown}
 l - 6 scrolls of teleportation {unknown}
 p - a scroll of amnesia {unknown}
 r - 4 scrolls of brand weapon {unknown}
 t - a scroll of fear {unknown}
Potions
 a - a potion of resistance {unknown}
 c - 5 potions of haste {unknown}
 d - a potion of magic
 g - 2 potions of curing {unknown}
 h - 4 potions of lignification {unknown}
 i - a potion of degeneration {unknown}
 j - 2 potions of might {unknown}
 o - a potion of attraction {unknown}
 q - a potion of invisibility {unknown}
 s - a potion of heal wounds {unknown}
Miscellaneous
 n - a piece from Xom's chessboard (15/15)


   Skills:
 + Level 1.4 Fighting
 - Level 1.0 Armour
 - Level 3.0 Dodging
 - Level 3.1 Stealth
 * Level 7.3 Spellcasting
 + Level 5.0 Conjurations
 - Level 1.1 Summonings
 - Level 1.1 Translocations
 - Level 1.1 Air Magic
 - Level 1.0 Poison Magic
 - Level 1.1 Evocations


You had 12 spell levels left.
You knew the following spells:

 Your Spells              Type           Power      Damage    Failure   Level
a - Magic Dart            Conj           100%       1d8       1%          1
b - Mephitic Cloud        Conj/Pois/Air  17%        N/A       10%         3
c - Call Imp              Summ           12%        N/A       9%          2
d - Blink                 Tloc           24%        N/A       9%          2

Your spell library contained the following spells:

 Spells                   Type           Power      Damage    Failure   Level
 Slow                     Hex            28%        N/A       9%          1
 Cigotuvi's Dreadful Rot  Necr/Pois/Air  20%        N/A       10%         2


Dungeon Overview and Level Annotations

Branches:
Dungeon (5/15)            Ossuary (visited)
 Temple: D:4-7

Altars:
Yredelemnul

Annotations:
D:3 1 runed translucent door, Crazy Yiuf; DeathPants's ghost, amateur MiGl


Message History

Aiming: Magic Dart (safe; 1% risk of failure)
Press: ? - help, Shift-Dir - straight line, f/p - DeathPants's ghost
Aim: DeathPants's ghost, wielding a weapon of venom (almost destroyed, 100% to hit)
The magic dart hits DeathPants's ghost but does no damage.
DeathPants's ghost is almost destroyed.
You feel very sick. DeathPants's ghost closely misses you.
Casting: Magic Dart (safe; 1% risk of failure)
Confirm with . or Enter, or press ? or * to list all spells.
You blink.
You feel very sick.
You hit DeathPants's ghost but do no damage.
DeathPants's ghost is almost destroyed.
You feel sick. DeathPants's ghost closely misses you.
You closely miss DeathPants's ghost.
DeathPants's ghost is almost destroyed.
You feel sick. DeathPants's ghost closely misses you.
Casting: Blink (safe; 9% risk of failure)
Confirm with . or Enter, or press ? or * to list all spells.
Aiming: Magic Dart (safe; 1% risk of failure)
Press: ? - help, Shift-Dir - straight line, f/p - DeathPants's ghost
Aim: DeathPants's ghost, wielding a weapon of venom (almost destroyed, 100% to hit)
The magic dart hits DeathPants's ghost.
DeathPants's ghost is almost destroyed.
You feel sick. DeathPants's ghost hits you.
* * * LOW HITPOINT WARNING * * *
You feel sick.
You hit DeathPants's ghost but do no damage.
DeathPants's ghost is almost destroyed.
You feel stable enough to blink again.
You feel sick. DeathPants's ghost barely misses you.
You feel sick.
Aiming: Mindburst
Press: ? - help, Shift-Dir - straight line, f/p - DeathPants's ghost
Aim: DeathPants's ghost, wielding a weapon of venom (almost destroyed, chance to affect: 59%) DeathPants's ghost resists with significant effort.
You feel sick.
You are no longer poisoned.
DeathPants's ghost hits you.
You die...

#####.##.....# #..#
##### #.#
######........# #..#
##)..## #.#
.......##.#########.#
#.._..# #.# ....##.##.#
#.....####...####.#
.##>##.##.#
#.######.W.....##))
.##.......#####.#
#.#'''#.####
.#####.####.(...#
####.#.(.#.#### .......#
##.....###))..#$!$#..'..
#.######
#.....W@...############.
#.# #......###)#
#######. #.# ####......#
#.# #..#.##. #.#
#.......### #.# #.......
..# #.#####.# ###.###
#..#.#.. .## #.# #.#
#.....# #...†... ## #.#
#.# #.....# #.##.#.# #.#
#.# #.....# #.##.#.#
#.#####.# #.....#
#.##.#.#


You could see DeathPants's ghost.

Vanquished Creatures
  Sigmund (D:3)
  A hound (D:5)
  2 orc priests (D:3)
  Jessica (D:3)
  An iguana (D:5)
  Natasha (thrice) (D:3)
  2 mummies
  2 adders
  An adder zombie (D:3)
  2 dart slugs (D:2)
  6 orcs (D:3)
  5 spectral bats (Ossuary)
  3 bats
  7 endoplasms
  A giant cockroach (D:3)
  2 goblins
  5 hobgoblins
  4 kobolds
  2 quokkas
  7 ball pythons
  2 bat simulacra (Ossuary)
  11 frilled lizards
  12 gnoll zombies (Ossuary)
  4 goblin simulacra (Ossuary)
  4 goblin zombies (Ossuary)
  5 hobgoblin zombies (Ossuary)
  3 kobold simulacra (Ossuary)
  6 kobold zombies (Ossuary)
  3 orc zombies (Ossuary)
  A quokka zombie (D:3)
  4 rats (D:1)
  6 rat simulacra (Ossuary)
  2 spectral goblins (Ossuary)
  A spectral kobold (Ossuary)
  3 spectral rats (Ossuary)
125 creatures vanquished.

Vanquished Creatures (collateral kills)
  An orc priest (D:3)
  4 orcs (D:3)
  A bat simulacrum (Ossuary)
  A kobold simulacrum (Ossuary)
  A rat simulacrum (Ossuary)
8 creatures vanquished.

Grand Total: 133 creatures vanquished

Notes
Turn   | Place    | Note
-------+----------+-------------------------------------------
     0 | D:1      | pokeman the Deep Elf Hedge Wizard began the quest for the
                  | Orb.
     0 | D:1      | Reached XP level 1. HP: 10/10 MP: 7/7
   182 | D:1      | Reached XP level 2. HP: 16/16 MP: 3/9
   999 | D:1      | Reached skill level 5 in Spellcasting
  1193 | D:2      | Found a faded altar of an unknown god.
  1298 | D:2      | Reached XP level 3. HP: 20/20 MP: 4/11
  1302 | D:2      | Learned a level 3 spell: Mephitic Cloud
  1305 | D:2      | Learned a level 2 spell: Call Imp
  1308 | D:2      | Learned a level 2 spell: Blink
  2138 | D:3      | You fall into a shaft and drop 2 floors!
  2138 | D:5      | Entered Level 5 of the Dungeon
  2175 | D:5      | Reached skill level 1 in Fighting
  2209 | D:5      | Found a sand-covered staircase.
  2221 | D:5      | Reached skill level 1 in Armour
  2294 | Ossuary  | Entered an ossuary
  2590 | Ossuary  | Reached XP level 4. HP: 25/25 MP: 4/13
  4129 | D:5      | Reached skill level 6 in Spellcasting
  4129 | D:5      | Reached XP level 5. HP: 9/23 MP: 8/15
  4266 | D:3      | Found a runed translucent gate.
  4266 | D:3      | Found a runed translucent gate.
  4266 | D:3      | Found a runed translucent gate.
  4266 | D:3      | Noticed DeathPants's ghost (amateur MiGl)
  4268 | D:3      | Found a basalt altar of Yredelemnul.
  4399 | D:3      | Reached skill level 1 in Evocations
  4593 | D:3      | Reached skill level 1 in Air Magic
  4599 | D:3      | Reached XP level 6. HP: 33/34 MP: 10/17
  4690 | D:3      | Noticed Jessica
  4693 | D:3      | Killed Jessica
  4694 | D:3      | Reached skill level 1 in Poison Magic
  4862 | D:3      | Found a runed translucent door.
  4863 | D:3      | Noticed Crazy Yiuf
  5029 | D:3      | Noticed Natasha
  5036 | D:3      | Killed Natasha
  5037 | D:3      | Reached skill level 7 in Spellcasting
  5039 | D:3      | Noticed Sigmund
  5068 | D:3      | Killed Sigmund
  5069 | D:3      | Reached XP level 7. HP: 38/38 MP: 7/19
  5267 | D:3      | Noticed Natasha
  5273 | D:3      | Killed Natasha
  5274 | D:3      | Reached skill level 5 in Conjurations
  5319 | D:3      | Noticed Natasha
  5323 | D:3      | Killed Natasha
  5420 | D:3      | Slain by DeathPants's ghost

Illustrated notes

Levels and vault maps discovered:
D:1:      amcnicky_arrival_flooded_fountain, layout_loops_ring,
          minmay_lizard_pond
D:2:      layout_loops_corners, dreamdust_ecumenical_altar_sealed_demon
D:3:      layout_loops_cross, nicolae_yredelemnul_ghost_church, uniq_jessica,
          uniq_sigmund, uniq_natasha, uniq_crazy_yiuf_cottage
D:4:      layout_basic, nicolae_wu_jian_glorious_leap, uniq_grinder, uniq_robin
D:5:      layout_loops_cross, nicolae_overflow_hidden_temple,
          gup_ossuary_entry_pyramid, hellmonk_bongcloud_opening

Skill      XL: |  1  2  3  4  5  6  7 |
---------------+----------------------+-----
Spellcasting   | 5 6 7 |  7.3
Fighting       | 1 |  1.4
Armour         | 1 |  1.0
Conjurations   | 2 3 4 5 |  5.0
Dodging        | 3 |  3.0
Stealth        | 3 |  3.1
Evocations     | 1 |  1.1
Air Magic      | 1 |  1.1
Poison Magic   | 1 |  1.0
Summonings     | |  1.1
Translocations | |  1.1

Action                   |  1- 3 |  4- 6 |  7- 9 || total
-------------------------+-------+-------+-------++-------
Melee: Dagger            |     8 |    66 |     3 ||    77
       Punch             |       |     3 |       ||     3
       Short sword       |       |    18 |       ||    18
 Cast: Magic Dart        |   123 |   181 |    31 ||   335
       Call Imp          |       |     6 |     1 ||     7
       Mephitic Cloud    |       |     6 |       ||     6
       Blink             |       |       |     3 ||     3
Evoke: Wand              |       |       |     1 ||     1
 Stab: Confused          |       |     3 |       ||     3
       Distracted        |       |     1 |       ||     1
Armor: Robe              |     2 |       |     1 ||     3
       Leather armour    |     2 |    45 |       ||    47
Dodge: Dodged            |    12 |   113 |     7 ||   132

Table legend: (Time is in decaauts)
 A = Elapsed time spent in this place.
 B = Non-inter-level travel time spent in this place.
 C = Inter-level travel time spent in this place.
 D = Time resting spent in this place.
 E = Time spent auto-exploring this place.
 F = Levels seen in this place.
 G = Mean time per level.
                   A        B        C        D        E       F      G
               +--------+--------+--------+--------+--------+-----+--------+
         Total |   5417 |   5381 |     36 |    623 |   3858 |   6 |  902.8 |
       Dungeon |   3615 |   3579 |     36 |    283 |   2755 |   5 |  723.0 |
       Ossuary |   1801 |   1801 |      0 |    340 |   1103 |   1 | 1801.0 |
               +--------+--------+--------+--------+--------+-----+--------+

Top non-repeatable levels by time:
 Ossuary: 1801 daAuts
     D:3: 1207 daAuts
     D:1: 1121 daAuts
     D:2: 1014 daAuts
     D:5: 264 daAuts
     D:4: 8 daAuts
